 Dungeon Crawl Stone Soup version 0.29.1-2-gbd0b4ee654 (webtiles) character file.

Game seed: 16140158516124807267

126 Earthwalker the Shield-Bearer (level 4, -2/41 HPs)
             Began as a Minotaur Fighter on Oct 24, 2022.
             Slain by an ogre
             ... wielding a +0 giant club
              (25 damage)
             ... on level 4 of the Dungeon.
             The game lasted 00:03:32 (2565 turns).

Earthwalker the Shield-Bearer (Minotaur Fighter)    Turns: 2565, Time: 00:03:33

Health: -2/41      AC:  7    Str: 22    XL:     4   Next: 83%
Magic:  3/3        EV:  9    Int:  5    God:
Gold:   179        SH:  4    Dex: 10    Spells: 3/3 levels left

rFire   . . .      SeeInvis .   a - +0 war axe
rCold   . . .      Faith    .   c - +0 buckler
rNeg    . . .      Spirit   .   b - +0 scale mail
rPois   .          Reflect  .   (helmet restricted)
rElec   .          Harm     .   (no cloak)
rCorr   .          Rampage  .   (no gloves)
Will    .....                   (no boots)
Stlth   ..........              (no amulet)
HPRegen 0.13/turn               (no ring)
MPRegen 0.08/turn               (no ring)

@: no status effects
A: horns 2, retaliatory headbutt
a: no special abilities


You were on level 4 of the Dungeon.
You visited 1 branch of the dungeon, and saw 4 of its levels.

You collected 179 gold pieces.

Inventory:

Hand Weapons
 a - a +0 war axe (weapon)
Missiles
 n - 6 boomerangs (quivered)
 p - 2 poisoned darts
Armour
 b - a +0 scale mail (worn)
 c - a +0 buckler (worn)
Scrolls
 e - 3 scrolls of teleportation {unknown}
 i - 3 scrolls of identify {unknown}
 k - 2 scrolls of noise {unknown}
 l - 2 scrolls of magic mapping {unknown}
 o - 3 scrolls of vulnerability {unknown}
 q - a scroll of enchant weapon {unknown}
 r - a scroll of immolation {unknown}
Potions
 d - 2 potions of might
 f - 2 potions of lignification {unknown}
 g - 2 potions of curing {unknown}
 h - a potion of degeneration {unknown}
 j - a potion of mutation {unknown}
 m - 2 potions of flight {unknown}


   Skills:
 * Level 4.5 Fighting
 * Level 3.7 Axes
 * Level 4.5 Armour
 * Level 4.6 Shields


You had 3 spell levels left.
You didn't know any spells.
Your spell library was empty.

Dungeon Overview and Level Annotations

Branches:
Dungeon (4/15)
 Temple: D:4-7

Altars:


Innate Abilities, Weirdness & Mutations

You have a pair of horns on your head.
You reflexively headbutt those who attack you in melee.


Message History

You kill the kobold!
No target in view!
i - 3 scrolls labelled GUOSIA QANUD (gained 1)
You now have 179 gold pieces (gained 9).
You see here a +0 short sword.
You see here a +0 short sword.
There is an open door here.
There is an open door here.
There is an open door here.
Things that are here:
a +0 club; an orc corpse You open the door.
There is an open door here.
Done exploring.
Done exploring.
There is an open door here.
There is a stone staircase leading down here.
You climb downwards.
There is a stone staircase leading up here.
There is a stone staircase leading down here.
Search for what [Enter for "dart", or ? for help]? axe Search for what [Enter for "axe", or ? for help]? dart You climb downwards.
There is a stone staircase leading up here.
An ogre comes into view. It is wielding a +0 giant club.
Found a chain mail.
There is a stone staircase leading up here.
You throw a boomerang. The boomerang hits the ogre.
The ogre is lightly wounded.
You throw a boomerang. The boomerang hits the ogre.
The ogre is moderately wounded.
You throw a boomerang. The boomerang barely misses the ogre.
The ogre hits you with a +0 giant club!!
You barely miss the ogre.
The ogre is moderately wounded.
You barely miss the ogre.
The ogre is moderately wounded.
The ogre hits you with a +0 giant club!!
Ouch! That really hurt!
You die...

...[8+8 .......
....... .......
....... ###
.$.....
#.##@##.......
#....O........
#...............
#...............
#.......#..####.
#.......##..#
#.......# ...#
######### #..#
...


You could see an ogre.

Vanquished Creatures
  Jessica (D:2)
  3 gnolls (D:2)
  An adder (D:2)
  3 worms (D:2)
  An orc (D:2)
  6 ball pythons
  6 endoplasms
  A giant cockroach (D:3)
  4 hobgoblins
  2 jackals (D:2)
  7 kobolds
  A quokka (D:2)
  2 bats (D:2)
  A frilled lizard (D:2)
  8 goblins
  6 rats
53 creatures vanquished.

Notes
Turn   | Place    | Note
-------+----------+-------------------------------------------
     0 | D:1      | Earthwalker the Minotaur Fighter began the quest for the
                  | Orb.
     0 | D:1      | Reached XP level 1. HP: 19/19 MP: 0/0
   284 | D:1      | Reached XP level 2. HP: 21/27 MP: 1/1
   828 | D:2      | You fall into a shaft and drop 1 floor!
  1090 | D:3      | Found a faded altar of an unknown god.
  1349 | D:3      | Reached XP level 3. HP: 32/33 MP: 2/2
  1911 | D:2      | Reached XP level 4. HP: 32/40 MP: 3/3
  2109 | D:2      | Noticed Jessica
  2115 | D:2      | Killed Jessica
  2556 | D:4      | Noticed an ogre
  2565 | D:4      | Slain by an ogre

Illustrated notes

Levels and vault maps discovered:
D:1:      minmay_arrival_diagonal_passages, layout_loops_ring, serial_rivers,
          chequers_serial_rivers_room_b, chequers_serial_rivers_micro_e,
          chequers_serial_rivers_small_a, chequers_serial_rivers_small_a,
          chequers_serial_rivers_room_b, chequers_serial_rivers_room_b
D:2:      layout_basic, uniq_jessica
D:3:      layout_basic, ebering_ecumenical_altar_sacrificial, minivault_4
D:4:      layout_basic, nicolae_gozag_seed_capital, jmf_multi_god_temple2,
          uniq_edmund, uniq_robin

Skill      XL: |  1  2 |
---------------+-------+-----
Fighting       | 4 |  4.5
Armour         | 4 |  4.5
Shields        | 4 |  4.6
Axes           | 3 |  3.7

Action                   |  1- 3 |  4- 6 || total
-------------------------+-------+-------++-------
Melee: War axe           |    70 |    22 ||    92
       Headbutt          |     7 |     2 ||     9
Throw: Boomerang         |     3 |    14 ||    17
Armor: Scale mail        |    27 |     2 ||    29
Dodge: Dodged            |    30 |     4 ||    34
Block: Buckler           |    17 |     3 ||    20
